 Dungeon Crawl Stone Soup version 0.19-a0-1720-gc855d72 (webtiles) character file.

74189 kae the Fencer (level 15, -4/119 HPs)
             Began as a Formicid Fighter on Sept 29, 2016.
             Was a Priest of Ru.
             Killed by divine providence
             ... invoked by an orc high priest
              (10 damage)
             ... on level 2 of the Orcish Mines.
             The game lasted 00:53:03 (28888 turns).

kae the Fencer (Formicid Fighter)                  Turns: 28888, Time: 00:53:04

Health: -4/119     AC: 21    Str: 25    XL:     15   Next: 93%
Magic:  0/15       EV: 13    Int: 13    God:    Ru [***...]
Gold:   1303       SH: 13    Dex: 15    Spells: 0 memorised, 14 levels left

rFire  + . .     SeeInvis +     b - +1 scimitar (flame)
rCold  + . .     Gourm    .     t - +0 crystal plate armour
rNeg   + . .     Faith    .     c - +1 shield
rPois  +         Spirit   +     (helmet unavailable)
rElec  .         Dismiss  .     p - +0 cloak
rCorr  .         Reflect  .     (no gloves)
MR     +....     Harm     .     (no boots)
Stlth  ..........               A - amulet of guardian spirit
                                o - ring of protection from cold
                                P - ring of the Sky {rPois rF+ rN+ Int+3}

@: agile, heavily drained
A: permanent stasis, dig shafts and tunnels, four strong arms, antennae 3,
hooves 1, subdued magic 1, inability to use devices, hated by all
a: Dig, Shaft Self, Draw Out Power, Renounce Religion


You were on level 2 of the Orcish Mines.
You worshipped Ru.
Ru was most pleased with you.
You were near starving.

You visited 4 branches of the dungeon, and saw 21 of its levels.
You visited the Abyss 1 time.
You visited 1 bazaar.
You also visited: Labyrinth and Bailey.

You collected 2083 gold pieces.
You spent 780 gold pieces at shops.

Inventory:

Hand Weapons
 a - a +1 long sword
 b - a +1 scimitar of flaming (weapon)
 w - the +0 falchion of Symmetry {venom, MR- Int+5}
   (You bought it in a shop in a bazaar)

   It poisons the flesh of those it strikes.
   It affects your intelligence (+5).
   It affects your resistance to hostile enchantments.
Armour
 c - a +1 shield (worn)
 d - the +0 ring mail "Lahosh" {-Cast MP+9 Dex+8 Stlth+}
   (You bought it in a shop in a bazaar)

   It affects your dexterity (+8).
   It affects your magic capacity (+9).
   It prevents spellcasting.
   It makes you more stealthy.
 p - a +0 cloak (worn)
 t - a +0 crystal plate armour (worn)
Jewellery
 e - an uncursed ring of protection from fire
 o - a ring of protection from cold (right hand)
 s - an uncursed ring of poison resistance {unknown}
 u - a +2 ring of intelligence
 z - a cursed ring of flight {unknown}
 A - an amulet of guardian spirit (around neck)
 P - the ring of the Sky (left hand) {rPois rF+ rN+ Int+3}
   (You found it on level 6 of the Lair of Beasts)

   [ring of positive energy]

   It affects your intelligence (+3).
   It protects you from fire.
   It protects you from poison.
   It protects you from negative energy.
Scrolls
 h - 14 scrolls of identify
 i - 9 scrolls of remove curse
 x - 2 scrolls of enchant weapon
 y - 2 scrolls of enchant armour
 E - a scroll of fog
 I - a scroll of vulnerability
Potions
 j - 2 potions of mutation
 k - 2 potions of brilliance
 l - 2 potions of magic
 n - 4 potions of flight
 H - a potion of curing
 N - a potion of resistance
Books
 B - the Reference Book on the Rocks
   (You found it in a labyrinth)

   Spells                             Type                      Level
   a - Sandblast                      Earth                        1
   b - Stone Arrow                    Conjuration/Earth            3
   c - Petrify                        Transmutation/Earth          4
   d - Iron Shot                      Conjuration/Earth            6
   e - Statue Form                    Transmutation/Earth          6
Comestibles
 f - 7 bread rations
 m - 4 slices of pizza
 q - 8 meat rations
 r - 4 beef jerkies
 v - 19 royal jellies
 D - 5 fruits


   Skills:
 + Level 11.4(9.3) Fighting
 - Level 18.0(15.6) Long Blades
 + Level 10.8(8.7) Armour
 * Level 9.3(7.3) Dodging
 - Level 11.5(9.4) Shields


You had 14 spell levels left.
You didn't know any spells.

Dungeon Overview and Level Annotations

Branches:
Dungeon (12/15)            Temple (1/1) D:4            Lair (6/6) D:11
 Shoals (0/4) Lair:4        Snake (0/4) Lair:2        Slime (0/5) Lair:5
    Orc (2/2) D:10            Elf (0/3) Orc:2

Altars:
Ashenzari
Fedhas
Gozag
Hepliaklqana
Makhleb
Ru
Sif Muna
Vehumet
Xom
Zin
The Shining One
Jiyva

Shops:
D:10 (

Annotations:
D:12 Azrael
Orc:2 chonchonts's ghost, journeyman MiFi


Innate Abilities, Weirdness & Mutations

You are under a permanent stasis effect.
You can dig through walls and to a lower floor.
Your four strong arms can wield two-handed weapons with a shield.
You have a pair of large antennae on your head. (SInv)
You cannot study or use magical devices.
You are hated by all.
You have large cloven feet.
Your spells are a little easier to cast, but a little less powerful.


Message History

Unknown command.
You feel less exhausted. You block the ufetubus's attack. x2
The ynoxinul gestures.
The deep elf knight begins to cast a spell, but is stunned by your will!
The ufetubus hits you but does no damage.
You block the ufetubus's attack.
You redirect the ynoxinul's attack!
The orc high priest utters an invocation to Beogh.
The orc high priest mumbles some strange prayers to Beogh against you.
Beogh smites you!
* * * LOW HITPOINT WARNING * * *
The deep elf mage casts a spell.
The deep elf mage blinks!
The ynoxinul begins to attack, but is stunned by your will!
The neqoxec gestures at you.
Something tries to feed on your intellect!
The orc high priest invokes the aid of Beogh against you.
Beogh smites you!
You die...

.............5....##*.......#....
............3o.ooY####.#.........
..........)o.54eT##.##...........
..(.).[.....5ooo3#...............
....$.)......Y..5................
............e534o..##.....#......
.................4.###.........).
................W..##............
.............#..@.####.....#.....
.............###...#*#.......$...
..............*##.###............
...........*,,,*### #...#########
.....,,,,,,,,,,,* ##.##.§..§...
.....,,,,,,,,,,** ##.#..§.....
.....,,,,,,...#* #..#)...§...
.....,,,,,,....#* ####..#∩.......
.....,,,,,,,..#.###.#..$#§......§


You could see 2 orc high priests, a deep elf knight (invisible), a hellwing, a
rust devil, a deep elf mage, a troll, a neqoxec, 2 ynoxinuls, 2 orc sorcerers, a
red devil, 2 orc warriors, 2 ice beasts, chonchonts's ghost, 2 orcs and 4
ufetubi.

Vanquished Creatures
  Gastronok (D:9)
  An orc warlord (Orc:2)
  A fire dragon (Lair:6)
  Josephine (Orc:2)
  A minotaur (Lab)
  11 hydras
  Harold (Lair:3)
  Erolcha (D:9)
  2 catoblepae
  Erica (D:11)
  2 orc high priests (Orc:2)
  8 death yaks (Lair:6)
  The ghost of kae the Carver, a novice FoFi of Makhleb (Bailey)
  An unseen horror (D:9)
  2 lindwurms
  2 hill giants (D:11)
  6 orc knights
  An orc sorcerer (Orc:2)
  A hornet (D:11)
  6 elephants (Lair:6)
  8 black mambas
  A siren (Lair:4)
  The ghost of Ruebezahl the Shield-Bearer, a novice MiFi (D:6)
  Psyche (D:11)
  11 spiny frogs
  Maurice (D:11)
  A kobold demonologist (D:9)
  10 komodo dragons
  6 rime drakes
  Grinder (D:3)
  Prince Ribbit (Lair:3)
  9 trolls
  A slime creature (D:11)
  A two-headed ogre (D:11)
  4 raiju (Lair:6)
  10 polar bears (Lair:6)
  3 hippogriffs
  11 blink frogs
  7 dream sheep (Lair:3)
  A wyvern (D:10)
  A shadow (D:11)
  A spriggan (Lair:5)
  5 basilisks
  4 wraiths (Orc:2)
  Eustachio (D:6)
  15 yaks
  2 steam dragons (Lair:6)
  7 wargs (Lair:6)
  A warg (shapeshifter) (D:10)
  5 mottled dragons
  6 hell hounds
  Duvessa (D:6)
  11 water moccasins
  10 porcupines
  4 sky beasts
  14 black bears
  25 orc warriors
  3 ice beasts
  2 eyes of draining
  5 ogres
  A necrophage (D:9)
  28 wolves
  5 centaurs
  6 phantoms
  13 crocodiles
  A big kobold (D:9)
  15 bullfrogs
  Dowan (D:6)
  7 scorpions
  8 killer bees
  A wight (D:9)
  2 vampire bats (D:5)
  A howler monkey (D:8)
  2 crimson imps
  A centaur zombie (D:7)
  A wasp zombie (D:11)
  2 bullfrog zombies
  16 hounds
  6 jellies
  13 orc priests
  Crazy Yiuf (D:2)
  22 orc wizards
  A centaur skeleton (D:6)
  3 bullfrog skeletons
  5 worker ants
  11 iguanas
  A hound skeleton (D:8)
  A worker ant zombie (D:8)
  A howler monkey skeleton (D:5)
  14 adders
  12 gnolls
  41 river rats
  3 shadow imps
  6 oozes
  An adder zombie (D:7)
  4 adder skeletons
  3 worms
  2 dart slugs (D:2)
  4 leopard geckos
  55 orcs
  3 ball pythons
  3 giant cockroaches
  12 goblins
  8 hobgoblins
  19 jackals
  5 quokkas
  14 bats
  4 frilled lizards
  18 kobolds
  4 leopard gecko skeletons
  A leopard gecko zombie (D:7)
  A quokka skeleton (D:4)
  10 rats
  A plant (D:11)
687 creatures vanquished.

Vanquished Creatures (others)
  The ghost of Duffy the Cleaver, a journeyman DDFi of Makhleb (Orc:2)
  A hydra (Lair:3)
  A hill giant (D:10)
  2 orc sorcerers (Orc:2)
  A spiny frog (Lair:1)
  A rime drake (Lair:6)
  2 trolls
  A hippogriff (Lair:6)
  A basilisk (Lair:6)
  A yak (D:11)
  A hell hound (Lair:6)
  2 orc warriors
  A centaur (D:11)
  2 orc priests (Orc:2)
  A hound (Lair:6)
  2 orc wizards (Orc:2)
  4 orcs
  11 fungi
  19 plants
55 creatures vanquished.

Grand Total: 742 creatures vanquished

Notes
Turn   | Place    | Note
-------+----------+-------------------------------------------
     0 | D:1      | kae the Formicid Fighter began the quest for the Orb.
     0 | D:1      | Reached XP level 1. HP: 18/18 MP: 1/1
   422 | D:1      | Reached XP level 2. HP: 15/24 MP: 2/2
   883 | D:2      | Reached skill level 3 in Long Blades
   904 | D:2      | Reached XP level 3. HP: 29/29 MP: 3/3
   915 | D:2      | Found a blossoming altar of Fedhas.
   916 | D:2      | Found a hazy altar of Hepliaklqana.
   916 | D:2      | Found an opulent altar of Gozag.
  1279 | D:2      | Found a runed door.
  1298 | D:2      | Reached XP level 4. HP: 37/37 MP: 4/4
  1328 | D:2      | Found a faded altar of an unknown god.
  1606 | D:2      | Noticed Crazy Yiuf
  1614 | D:2      | Killed Crazy Yiuf
  1614 | D:2      | Reached skill level 4 in Long Blades
  1614 | D:2      | Reached XP level 5. HP: 15/42 MP: 5/5
  2034 | D:3      | Noticed Grinder
  2055 | D:3      | Killed Grinder
  2055 | D:3      | Reached skill level 5 in Fighting
  2055 | D:3      | Reached skill level 5 in Long Blades
  2055 | D:3      | Reached XP level 6. HP: 32/51 MP: 6/6
  2347 | D:3      | Noticed an ogre
  2357 | D:3      | Killed an ogre
  2357 | D:3      | Reached skill level 6 in Long Blades
  2357 | D:3      | Reached XP level 7. HP: 49/56 MP: 7/7
  2661 | D:4      | Found a burning altar of Makhleb.
  2742 | D:4      | Found a staircase to the Ecumenical Temple.
  2749 | Temple   | Entered the Ecumenical Temple
  2789 | Temple   | Became a worshipper of Ru the Awakened
  3680 | D:4      | Reached skill level 7 in Long Blades
  3680 | D:4      | Reached XP level 8. HP: 64/64 MP: 8/8
  3747 | D:5      | Entered Level 5 of the Dungeon
  4466 | D:5      | Reached skill level 8 in Long Blades
  4555 | D:5      | Gained mutation: You cannot study or use magical devices. [Ru sacrifice]
  4555 | D:5      | Reached * piety under Ru
  4555 | D:5      | Reached ** piety under Ru
  4555 | D:5      | Reached *** piety under Ru
  4717 | D:6      | Noticed Dowan
  4719 | D:6      | Noticed Duvessa
  4740 | D:6      | Killed Duvessa
  4756 | D:6      | Killed Dowan
  4868 | D:6      | Reached XP level 9. HP: 42/72 MP: 9/9
  5044 | D:6      | Found a glowing silver altar of Zin.
  5179 | D:6      | Reached skill level 9 in Long Blades
  5332 | D:6      | Noticed Eustachio
  5332 | D:6      | Noticed Ruebezahl's ghost (novice MiFi)
  5354 | D:6      | Killed Ruebezahl's ghost
  5394 | D:6      | Killed Eustachio
  5446 | D:6      | Reached skill level 10 in Long Blades
  6043 | D:7      | Found a deep blue altar of Sif Muna.
  6184 | D:7      | Reached XP level 10. HP: 62/82 MP: 8/10
  6292 | D:7      | Found a glowing silver altar of Zin.
  6292 | D:7      | Found a radiant altar of Vehumet.
  6781 | D:8      | Reached skill level 11 in Long Blades
  6828 | D:8      | Found a flagged portal.
  6884 | Bailey   | Entered a bailey
  6884 | Bailey   | Noticed kae's ghost (novice FoFi)
  6897 | Bailey   | Killed kae's ghost
  7043 | Bailey   | Noticed an orc knight
  7045 | Bailey   | Noticed an orc knight
  7319 | Bailey   | Killed an orc knight
  7319 | Bailey   | Reached skill level 12 in Long Blades
  7630 | Bailey   | Killed an orc knight
  7630 | Bailey   | Reached skill level 10 in Fighting
  8231 | D:8      | Found a shimmering altar of Xom.
  8363 | D:8      | Reached XP level 11. HP: 77/91 MP: 8/11
  8533 | D:9      | Noticed Erolcha
  8952 | D:9      | Found a shattered altar of Ashenzari.
  8994 | D:9      | Reached skill level 13 in Long Blades
  9052 | D:9      | HP: 3/92 [troll (2)]
  9053 | D:9      | You fall through a shaft for 2 floors!
  9405 | D:11     | Noticed a hill giant
  9448 | D:11     | Killed a hill giant
  9923 | D:11     | Noticed Erica
  9954 | D:11     | Killed Erica
 10404 | D:11     | Found a staircase to the Lair.
 10473 | D:11     | Noticed an orc knight
 10531 | D:11     | Killed an orc knight
 10531 | D:11     | Reached skill level 14 in Long Blades
 11157 | D:11     | Noticed Psyche
 11177 | D:11     | Killed Psyche
 11690 | D:11     | Noticed Maurice
 11709 | D:11     | Killed Maurice
 11709 | D:11     | Reached XP level 12. HP: 97/100 MP: 12/12
 11950 | D:10     | Entered Level 10 of the Dungeon
 12013 | D:10     | Reached skill level 15 in Long Blades
 12040 | D:10     | Found a blossoming altar of Fedhas.
 12072 | D:10     | Found a staircase to the Orcish Mines.
 12072 | D:10     | Found Ukall's Weapon Shoppe.
 13394 | D:9      | Noticed Gastronok
 13406 | D:9      | You fall through a shaft for 3 floors!
 13410 | D:12     | Noticed Azrael
 14053 | D:11     | Reached skill level 16 in Long Blades
 14432 | D:9      | Noticed an unseen horror
 14439 | D:9      | Killed an unseen horror
 14573 | D:9      | Gained mutation: You are hated by all. [Ru sacrifice]
 14593 | D:9      | Cast into level 1 of the Abyss (Erolcha)
 14608 | D:9      | Escaped the Abyss
 14615 | D:9      | Killed Erolcha
 14635 | D:9      | Killed Gastronok
 14760 | Lair:1   | Entered Level 1 of the Lair of Beasts
 14845 | Lair:1   | Reached skill level 17 in Long Blades
 14863 | Lair:1   | Reached XP level 13. HP: 45/106 MP: 11/13
 15983 | Lair:2   | Noticed a six-headed hydra
 15993 | Lair:2   | Killed a one-headed hydra
 16522 | Lair:2   | Found a staircase to the Snake Pit.
 16526 | Lair:2   | Noticed a four-headed hydra
 16531 | Lair:2   | Killed a one-headed hydra
 16531 | Lair:2   | Reached skill level 18 in Long Blades
 16672 | Lair:2   | Noticed a six-headed hydra
 16686 | Lair:2   | Killed a one-headed hydra
 17190 | Lair:3   | Noticed a seven-headed hydra
 17194 | Lair:3   | Killed a four-headed hydra
 17194 | Lair:3   | Reached skill level 5 in Shields
 17575 | Lair:3   | Noticed an eight-headed hydra
 17580 | Lair:3   | Killed a two-headed hydra
 17789 | Lair:3   | Noticed Prince Ribbit
 17805 | Lair:3   | Killed Prince Ribbit
 17956 | Lair:3   | Noticed a four-headed hydra
 17962 | Lair:3   | Killed a one-headed hydra
 17962 | Lair:3   | Reached skill level 5 in Armour
 18251 | Lair:3   | Noticed Harold
 18269 | Lair:3   | Killed Harold
 18347 | Lair:3   | Noticed a four-headed hydra
 18354 | Lair:3   | Killed a one-headed hydra
 18553 | Lair:4   | Reached XP level 14. HP: 99/113 MP: 10/14
 19531 | Lair:4   | Found a staircase to the Shoals.
 19740 | Lair:4   | Reached skill level 10 in Shields
 21171 | Lair:5   | Found a staircase to the Slime Pits.
 21171 | Lair:5   | Found a viscous altar of Jiyva.
 21514 | Lair:6   | Entered Level 6 of the Lair of Beasts
 21568 | Lair:5   | Reached skill level 1 in Dodging
 22360 | Lair:6   | Reached skill level 5 in Dodging
 22360 | Lair:6   | Reached XP level 15. HP: 66/118 MP: 15/15
 22849 | Lair:6   | HP: 5/118 [rime drake/flash freeze (6)]
 22854 | Lair:5   | HP: 5/118 [poisoned by a black mamba]
 22862 | Lair:5   | HP: 5/118 [poisoned by a black mamba]
 25228 | Lair:6   | Reached skill level 10 in Armour
 25905 | Lair:6   | Got a scintillating jade ring
 26119 | Lair:1   | Identified the ring of the Sky {rPois rF+ rN+ Int+3} (You found it on level 6 of the Lair of Beasts)
 26122 | Lair:1   | Gained mutation: You have large cloven feet. [potion of beneficial mutation]
 26223 | Orc:1    | Entered Level 1 of the Orcish Mines
 26548 | Orc:2    | Entered Level 2 of the Orcish Mines
 26590 | Orc:2    | Noticed Josephine
 26616 | Orc:2    | Killed Josephine
 26632 | Orc:2    | Found a flickering gateway to a bazaar.
 26644 | Bazaar   | Entered a bazaar
 26644 | Bazaar   | Found Ceudwape's Antique Armour Boutique.
 26782 | Bazaar   | Bought a twisted ring mail for 261 gold pieces
 26792 | Bazaar   | Identified the cursed +0 ring mail "Lahosh" {-Cast MP+9 Dex+8 Stlth+} (You bought it in a shop in a bazaar)
 26792 | Bazaar   | Bought an ichor-stained ring mail for 261 gold pieces
 26795 | Bazaar   | Found Cisedoj's Magic Scroll Emporium.
 26806 | Bazaar   | Found Ziehaupo's Antique Weapon Shop.
 26814 | Bazaar   | Bought a crude falchion for 240 gold pieces
 26814 | Bazaar   | Found Hell's Gadget Shop.
 26825 | Bazaar   | Found Misethric's General Store.
 26833 | Bazaar   | Bought a cursed -2 ring of evasion for 18 gold pieces
 26859 | Bazaar   | Identified the cursed +0 falchion of Symmetry {venom, MR- Int+5} (You bought it in a shop in a bazaar)
 26872 | Bazaar   | Identified the +5 ring mail of Narcissism {rPois rC- Dex-3 SInv} (You bought it in a shop in a bazaar)
 26954 | Orc:2    | Found a labyrinth entrance.
 26963 | Orc:2    | Found a staircase to the Elven Halls.
 26966 | Lab      | Entered a labyrinth
 27574 | Lab      | Identified the Reference Book on the Rocks
 27633 | Orc:2    | Noticed Duffy's ghost (journeyman DDFi)
 27983 | Orc:2    | Gained mutation: Your spells are a little easier to cast, but a little less powerful. [a neqoxec]
 28154 | Orc:2    | Killed Duffy's ghost
 28554 | Orc:2    | Noticed an orc warlord
 28590 | Orc:2    | Killed an orc warlord
 28781 | Orc:2    | Noticed chonchonts's ghost (journeyman MiFi)
 28855 | Orc:2    | HP: 4/119 [chonchonts's ghost (3)]
 28874 | Orc:2    | HP: 4/119 [chonchonts's ghost (5)]
 28887 | Orc:2    | HP: 5/119 [orc high priest/divine providence (10)]
 28888 | Orc:2    | Killed from afar by an orc high priest

Vault maps used:
D:1:      lightli_arrival_flooded_house, minmay_bisected
D:2:      grunt_temple_overflow_open, ecumenical_altar_2, serial_bayou_crossing,
          uniq_crazy_yiuf_cottage
D:3:      first_bread, uniq_grinder
D:4:      nicolae_overflow_hidden_temple
D:5:      minmay_guarded_unrand_vampires_tooth
D:6:      basic_altar, minmay_misc_feat_chi, uniq_eustachio, uniq_duvessa
D:7:      lemuel_blue_sif_altar, gammafunk_temple_overflow_pools
D:8:      tgw_xom, lightli_bailey_entry_fortress, hangedman_little_slice_of_home
D:9:      nicolae_overflow_crystal_walls, uniq_erolcha, uniq_gastronok
D:10:     orc_david_3, fedhas_altar_4
D:11:     minmay_wavy_crystal, dpeg_oklobed_lair, uniq_erica, uniq_maurice,
          uniq_psyche
D:12:     uniq_azrael
Temple:   minmay_temple_forest_path
Lair:1:   lemuel_fruit_tree
Lair:2:   dummy_snake_entry
Lair:3:   grunt_megastairs_4, uniq_prince_ribbit2, uniq_harold
Lair:4:   elwin_shoals_entry_rooms, minmay_stone_trees_small
Lair:5:   slime_altar_1, grunt_forest_large_clearing_hut
Lair:6:   hangedman_lair_caniforms_friends, guppyfry_lair_end_dragon,
          enter_volcano_1
Orc:1:    basic_altar
Orc:2:    st_orc_congregation, serial_shops, bzr_firewalk, special_room,
          lab_entry_generic, elf_legates, uniq_josephine
Lab:      nicolae_lab_dead_adventurers, labyrinth_fake_exit,
          nicolae_lab_hexagon, lab_hedge, nicolae_lab_garden,
          labyrinth_skeletal_remains
Bazaar:   bazaar_lake
Bailey:   bailey_axe_4, bailey

Skill      XL: |  1  2  3  4  5  6  7  8  9 10 11 12 13 14 15 |
---------------+----------------------------------------------+-----
Long Blades    | 3 4 5 6 7 8 10 12 14 17 18 | 18.0
Fighting       | 4 5 6 7 8 10 11 | 11.4
Shields        | 8 11 | 11.5
Armour         | 5 8 10 | 10.8
Dodging        | 5 9 |  9.3

Action                   |  1- 3 |  4- 6 |  7- 9 | 10-12 | 13-15 || total
-------------------------+-------+-------+-------+-------+-------++-------
Melee: Long sword        |   152 |    84 |   486 |   480 |       ||  1202
       Scimitar          |       |       |       |   458 |  1802 ||  2260
       Kick              |       |       |       |       |   142 ||   142
Invok: Sacrifice Artific |       |       |     1 |       |       ||     1
       Reject Sacrifices |       |       |       |     1 |     2 ||     3
       Draw Out Power    |       |       |       |     9 |    19 ||    28
       Sacrifice Love    |       |       |       |     1 |       ||     1
 Abil: Dig               |       |       |     5 |    22 |    33 ||    60
       Shaft Self        |       |       |       |     2 |       ||     2
  Use: Scroll            |       |     1 |    12 |     5 |    17 ||    35
       Potion            |       |       |       |    10 |    13 ||    23
 Stab: Invisible         |       |       |     3 |     2 |    12 ||    17
       Distracted        |       |       |       |     2 |     5 ||     7
       Petrified         |       |       |       |       |     3 ||     3
  Eat: Chunk             |     1 |     3 |    15 |    29 |    34 ||    82
       Royal jelly       |       |       |       |     2 |     1 ||     3
       Fruit             |       |       |       |       |     4 ||     4
       Beef jerky        |       |       |       |       |     2 ||     2
       Bread ration      |       |       |       |       |     1 ||     1
       Pizza             |       |       |       |       |     1 ||     1
Armor: Scale mail        |    70 |    23 |   133 |   206 |   213 ||   645
       Crystal plate arm |       |       |       |       |    78 ||    78
       Skin              |       |       |       |       |     9 ||     9
       Ring mail         |       |       |       |       |     2 ||     2
Dodge: Dodged            |    40 |    25 |   107 |   166 |   365 ||   703
Block: Shield            |   102 |    31 |   177 |   356 |   665 ||  1331
